 Dungeon Crawl Stone Soup version 0.30.1-11-g7821555f0a (webtiles) character file.

Game seed: 11531117471214095712

7481 pkoi the Gelid (level 10, 0/69 HPs)
             Began as a Black Draconian Ice Elementalist on Nov 16, 2023.
             Was an Initiate of Gozag.
             Slain by a black mamba (14 damage)
             ... on level 1 of the Lair of Beasts.
             The game lasted 00:15:53 (10539 turns).

pkoi the Gelid (Black Draconian Ice Elementalist)  Turns: 10539, Time: 00:15:54

Health: 0/69       AC: 10    Str: 10    XL:     10   Next: 94%
Magic:  18/22      EV: 12    Int: 20    God:    Gozag
Gold:   1681       SH:  0    Dex: 12    Spells: 6/13 levels left

rFire   . . .        p - +3 hammer of Peace {speed, MP+9}
rCold   + . .        (no shield)
rNeg    + . .        (body armour unavailable)
rPois   .            (helmet restricted)
rElec   +            o - +0 cloak
rCorr   .            (no gloves)
SInv    .            F - +1 pair of boots
Will    +....        r - amulet of regeneration
Stlth   ++           h - ring of Taqevami {rC+ rN+ Will+ Slay+2}
HPRegen 1.11/turn    C - ring of flight
MPRegen 0.18/turn

%: no passive effects
@: flying
A: breathe lightning, AC +7, unfitting armour, electricity resistance,
cold-blooded
a: Breathe Lightning, Renounce Religion, Potion Petition, Call Merchant, Bribe
Branch


You were on level 1 of the Lair of Beasts.
You worshipped Gozag.
Gozag was most pleased with you.
You visited 3 branches of the dungeon, and saw 11 of its levels.

You collected 1688 gold pieces.
You paid 7 gold pieces to Gozag.

Inventory:

Hand Weapons
 d - a +0 dagger
 f - a +0 trident
 g - a +1 sling of freezing
 p - the +3 hammer of Peace (weapon) {speed, MP+9}
   (You found it on level 3 of the Dungeon)

   MP:        It affects your magic capacity (+9).
Missiles
 G - 4 throwing nets
Armour
 o - a +0 cloak (worn)
 F - a +1 pair of boots (worn)
Jewellery
 e - a ring of ice
 h - the ring of Taqevami (left hand) {rC+ rN+ Will+ Slay+2}
   (You found it on level 2 of the Dungeon)

   [ring of protection from cold]

   Slay:      It affects your accuracy & damage with ranged weapons and melee
   (+2).
   rC:        It protects you from cold.
   rN:        It protects you from negative energy.
   Will:      It increases your willpower.
 r - an amulet of regeneration (around neck)
 C - a ring of flight (right hand)
 D - a ring of resist corrosion
 I - a ring of positive energy
Wands
 l - a wand of polymorph (8)
 n - a wand of charming (7)
 q - a wand of flame (1)
 s - a wand of quicksilver (6)
 w - a wand of roots (14)
Scrolls
 c - a scroll of poison {unknown}
 i - 3 scrolls of fear
 j - a scroll of butterflies
 t - 3 scrolls of teleportation
 x - a scroll of enchant weapon
 y - 2 scrolls of magic mapping
 z - a scroll of blinking
 B - a scroll of silence
 H - a scroll of amnesia {unknown}
Potions
 a - 2 potions of magic
 b - 2 potions of curing
 k - 2 potions of invisibility
 m - a potion of resistance
 u - 2 potions of haste
 v - a potion of ambrosia
 A - a potion of might
 E - a potion of heal wounds


   Skills:
 - Level 1.7 Dodging
 - Level 1.7 Stealth
 - Level 2.0 Spellcasting
 + Level 16.9 Ice Magic


You had 6 spell levels left.
You knew the following spells:

 Your Spells              Type           Power      Damage    Failure   Level
a - Freeze                Ice            100%       1d10      0%          1
b - Frozen Ramparts       Ice            100%       1d16      1%          3
c - Ozocubu's Armour      Ice            63%        N/A       1%          3

Your spell library contained the following spells:

 Spells                   Type           Power      Damage    Failure   Level
 Ensorcelled Hibernation  Hex/Ice        70%        N/A       1%          2
 Summon Ice Beast         Ice/Summ       35%        N/A       4%          4
 Apportation              Tloc           4%         N/A       16%         1
 Necrotise                Necr           8%         1d4       16%         1
 Summon Small Mammal      Summ           8%         N/A       16%         1
 Spider Form              Tmut/Pois      2%         N/A       43%         3
 Stone Arrow              Conj/Erth      4%         3d7       43%         3
 Anguish                  Hex/Necr       1%         N/A       83%         4
 Leda's Liquefaction      Hex/Erth       1%         N/A       83%         4
 Lee's Rapid Deconstruct  Erth           1%         3d4*      99%         5
 Statue Form              Tmut/Erth      1%         N/A       100%        6
 Lehudib's Crystal Spear  Conj/Erth      1%         10d2      100%        8
 Animate Armour           Summ/Erth      Unusable   N/A       N/A         4

Dungeon Overview and Level Annotations

Branches:
Dungeon (9/15)             Temple (1/1) D:6            Lair (1/5) D:9
    Orc: D:9-12

Altars:
Ashenzari
Cheibriados
Dithmenos
Fedhas
Gozag
Hepliaklqana
Kikubaaqudgha
Makhleb
Nemelex Xobeh
Okawaru
Qazlal
Ru
Sif Muna
Trog
Uskayaw
Vehumet
Wu Jian
Yredelemnul
Zin
The Shining One

Annotations:
D:9 Harold, Joseph


Innate Abilities, Weirdness & Mutations

You can breathe wild blasts of lightning.
Your glossy black scales are hard. (AC +7)
You cannot fit into any form of body armour.
You are resistant to electric shocks. (rElec)
You are cold-blooded and may be slowed by cold attacks.


Message History

The wall freezes the komodo dragon but does no damage.
The komodo dragon bites you.
Aiming: Freeze (safe; 0% risk of failure)
Press: ? - help, Q - select action, (/) - cycle Shift-Dir - straight line, f/p - black mamba
Aim: a black mamba (lightly wounded)
You freeze the black mamba.
The black mamba is moderately wounded.
The black mamba seems to slow down.
You feel very sick. The black mamba bites you!
You are more poisoned.
The black mamba poisons you! The black mamba bites you.
* * * LOW HITPOINT WARNING * * *
You are lethally poisoned!
The black mamba poisons you!
The wall freezes the komodo dragon but does no damage.
The komodo dragon misses you.
Your frozen ramparts will break if you move.
Continue?
The black mamba attacks as you move away!
The black mamba bites you!
* * * LOW HITPOINT WARNING * * *
The frozen ramparts melt away as you move.
* * * LOW HITPOINT WARNING * * *
You feel extremely sick.
Unknown command.
You feel better. The black mamba barely misses you.
The black mamba attacks as you move away!
The black mamba misses you.
The black mamba attacks as you move away!
The black mamba closely misses you.
The black mamba is no longer moving slowly.
The black mamba bites you.
* * * LOW HITPOINT WARNING * * *
You are lethally poisoned!
The black mamba poisons you!
You feel better.
The black mamba bites you but does no damage.
The black mamba bites you!
You die...
Your body crumbles into a pile of gold.

............ ...........
### #.......... ....
###..##...............
.....................
.........l..........
#.#....##.#.###..#
..####.#.S######P#..####
..........@.............
.......).....<..........
###.#.....####..........
##.#..##.# #..........
......................
........................
#..###..##.###.##.##..##
## ....### ### ## ..P#
..... ...


You could see a black mamba.

Vanquished Creatures
  A two-headed ogre (D:8)
  A cane toad (Lair:1)
  Maggie (D:9)
  A hornet (D:8)
  Grinder (D:5)
  Sigmund (D:3)
  14 yaks
  3 wyverns
  An acid dragon (D:9)
  2 water moccasins
  2 orc warriors
  3 ogres
  2 black bears
  An ice beast (D:7)
  4 centaurs
  A phantom (D:6)
  3 gnoll sergeants
  2 bullfrogs
  A scorpion (D:4)
  5 killer bees (D:7)
  3 howler monkeys (D:9)
  2 electric eels (D:8)
  3 hounds (D:5)
  3 jellies
  Crazy Yiuf (D:3)
  A gnoll bouda (D:5)
  A sleepcap (D:5)
  Natasha (thrice) (D:3)
  Ijyb (D:4)
  4 iguanas
  8 orc wizards
  18 gnolls
  16 adders
  2 shadow imps
  4 ufetubi
  3 worms
  6 dart slugs
  18 orcs
  9 endoplasms
  5 giant cockroaches
  4 hobgoblins
  7 kobolds
  5 quokkas
  14 ball pythons
  7 bats
  A frilled lizard (D:2)
  8 goblins
  8 rats
215 creatures vanquished.

Vanquished Creatures (others)
  An orc wizard (D:5)
1 creature vanquished.

Grand Total: 216 creatures vanquished

Notes
Turn   | Place    | Note
-------+----------+-------------------------------------------
     0 | D:1      | pkoi the Draconian Ice Elementalist began the quest for the
                  | Orb.
     0 | D:1      | Reached XP level 1. HP: 14/14 MP: 3/3
    87 | D:1      | Reached XP level 2. HP: 20/20 MP: 1/5
   444 | D:1      | Reached skill level 5 in Ice Magic
   564 | D:1      | Reached XP level 3. HP: 26/26 MP: 4/6
   570 | D:1      | Learned a level 3 spell: Frozen Ramparts
  1237 | D:2      | Identified the ring of Taqevami {rC+ rN+ Will+ Slay+2}
  1986 | D:2      | Found an opulent altar of Gozag.
  2051 | D:2      | Reached XP level 4. HP: 32/33 MP: 7/7
  2315 | D:2      | Became a worshipper of Gozag Ym Sagoz the Greedy
  2622 | D:3      | Reached skill level 6 in Ice Magic
  2739 | D:3      | Noticed a shadow
  2740 | D:3      | Found a shadowy altar of Dithmenos.
  2807 | D:3      | Noticed Natasha
  2817 | D:3      | Killed Natasha
  2818 | D:3      | Reached XP level 5. HP: 22/38 MP: 6/8
  2881 | D:3      | Noticed Sigmund
  2889 | D:3      | Killed Sigmund
  2890 | D:3      | Reached skill level 7 in Ice Magic
  2890 | D:3      | Reached XP level 6. HP: 38/45 MP: 3/9
  3073 | D:3      | Found a hazy altar of Hepliaklqana.
  3125 | D:3      | Found a runed translucent door.
  3126 | D:3      | Noticed Crazy Yiuf
  3133 | D:3      | Killed Crazy Yiuf
  3143 | D:3      | Identified the +3 hammer of Peace {speed, MP+9}
  3144 | D:3      | Identified the +0 hammer of the Desert {protect, Fragile
                  | rF+ rN+ SInv}
  3316 | D:3      | Learned a level 3 spell: Ozocubu's Armour
  3459 | D:3      | Noticed Natasha
  3467 | D:3      | Killed Natasha
  3616 | D:3      | Noticed Natasha
  3623 | D:3      | Killed Natasha
  3624 | D:3      | Reached skill level 8 in Ice Magic
  4026 | D:4      | Noticed Ijyb
  4035 | D:4      | Killed Ijyb
  4036 | D:4      | Your scales start taking on a glossy black colour.
  4036 | D:4      | Reached XP level 7. HP: 26/50 MP: 10/10
  4036 | D:4      | Gained mutation: You are resistant to electric shocks.
                  | (rElec) [Black Draconian growth]
  4346 | D:4      | Reached skill level 9 in Ice Magic
  4480 | D:4      | Found a bloodstained altar of Trog.
  4613 | D:5      | Entered Level 5 of the Dungeon
  4856 | D:5      | Reached skill level 10 in Ice Magic
  4912 | D:5      | Gained mutation: You are dopey. (Int -2) [potion of
                  | mutation]
  4912 | D:5      | Lost mutation: You are dopey. (Int -2) [potion of mutation]
  4947 | D:5      | Identified the +2 leather armour "Jurph" {rF- rC- Str+4
                  | Slay+5}
  5158 | D:5      | Reached XP level 8. HP: 57/57 MP: 11/11
  5613 | D:5      | Reached skill level 11 in Ice Magic
  5684 | D:5      | Noticed Grinder
  5700 | D:5      | Killed Grinder
  6450 | D:6      | Found a broken altar of Ashenzari.
  6498 | D:6      | Found a staircase to the Ecumenical Temple.
  6517 | D:6      | Reached skill level 12 in Ice Magic
  6789 | D:6      | Reached XP level 9. HP: 62/62 MP: 12/12
  7102 | Temple   | Entered the Ecumenical Temple
  7413 | D:7      | Reached skill level 13 in Ice Magic
  7686 | D:7      | Reached skill level 14 in Ice Magic
  8731 | D:8      | Paralysed by a hornet for 2 turns
  8734 | D:8      | Reached XP level 10. HP: 7/69 MP: 13/13
  8892 | D:8      | Reached skill level 15 in Ice Magic
  8920 | D:8      | Noticed a two-headed ogre
  8930 | D:8      | Killed a two-headed ogre
  9414 | D:9      | Noticed Maggie
  9432 | D:9      | Reached skill level 16 in Ice Magic
  9500 | D:9      | Killed Maggie
  9660 | D:9      | Found a staircase to the Lair.
 10175 | D:9      | Noticed Harold
 10181 | D:9      | Noticed Joseph
 10452 | Lair:1   | Entered Level 1 of the Lair of Beasts
 10452 | Lair:1   | Noticed a torpor snail
 10465 | Lair:1   | Noticed a cane toad
 10477 | Lair:1   | Killed a cane toad
 10528 | Lair:1   | Noticed a black mamba
 10534 | Lair:1   | HP: 2/69 [poisoned by a black mamba]
 10539 | Lair:1   | Slain by a black mamba

Illustrated notes

Levels and vault maps discovered:
D:1:      reono_arrival_forest_river, layout_basic
D:2:      layout_basic, basic_altar
D:3:      layout_basic, riverfiend_overflow_shadow_ancestor, minmay_ruptured,
          uniq_natasha, uniq_crazy_yiuf_cottage, uniq_sigmund
D:4:      layout_cave_pools, lemuel_doored_altar, nrook_uturn, uniq_ijyb
D:5:      layout_layer_cave, minmay_misc_feat_room, minmay_bent, uniq_grinder
D:6:      layout_gridville, mainiacjoe_overflow_concentric_impassable,
          minmay_temple_entry_large_hall
D:7:      layout_basic
D:8:      layout_cave_pools, water_boxes_lemuel
D:9:      layout_gridville, lair_entry_dummy, kennysheep_generic_room_2,
          uniq_maggie, uniq_harold, uniq_joseph
Temple:   regret_index_temple_sphere_string
Lair:1:   layout_long_grid, infiniplex_staircase_pool

Skill      XL: |  1  2  3  4  5  6  7  8  9 10 |
---------------+-------------------------------+-----
Ice Magic      | 5 6 7 8 10 12 14 16 | 16.9
Dodging        | |  1.7
Stealth        | |  1.7
Spellcasting   | |  2.0

Action                     |  1- 3 |  4- 6 |  7- 9 | 10-12 || total
---------------------------+-------+-------+-------+-------++-------
  Melee: Unarmed           |    19 |       |       |       ||    19
         Tailslap          |     3 |     1 |    13 |     1 ||    18
         Dagger            |    20 |       |       |       ||    20
         Punch             |     4 |       |     1 |       ||     5
         Trident           |     6 |       |       |       ||     6
         Mace              |       |    11 |    51 |    23 ||    85
   Fire: Sling             |    24 |    59 |       |       ||    83
   Cast: Freeze            |    51 |    35 |    77 |    49 ||   212
         Frozen Ramparts   |       |     8 |    30 |    14 ||    52
         Ozocubu's Armour  |       |     1 |     2 |     3 ||     6
Ability: Breathe Lightning |       |       |     1 |       ||     1
  Evoke: Wand              |       |       |     1 |       ||     1
    Use: Scroll            |     1 |     6 |     7 |     1 ||    15
         Potion            |       |     3 |     2 |     2 ||     7
   Stab: Sleeping          |     2 |     1 |       |       ||     3
 Armour: Skin              |    26 |    24 |    32 |    29 ||   111
  Dodge: Dodged            |    46 |    35 |    86 |    60 ||   227
